 Dungeon Crawl Stone Soup version 0.31-a0-210-gccc998df9b (webtiles) character file.

Game seed: 2979411876097713111

108 qw the Shooter (level 4, -3/37 HPs)
             Began as a Minotaur Hexslinger on June 30, 2023.
             Slain by a gnoll
             ... wielding a +0 halberd
              (15 damage)
             ... on level 3 of the Dungeon.
             The game lasted 00:00:40 (1224 turns).

qw the Shooter (Minotaur Hexslinger)                Turns: 1224, Time: 00:00:40

Health: -3/37      AC:  3    Str: 12 (13) XL:     4   Next: 58%
Magic:  4/4        EV: 12    Int: 10      God:
Gold:   72         SH:  0    Dex: 13 (14) Spells: 4/5 levels left

rFire   . . .        Y - +1 sling
rCold   . . .        (no shield)
rNeg    . . .        j - +0 leather armour
rPois   .            (helmet restricted)
rElec   .            (no cloak)
rCorr   .            (no gloves)
SInv    .            (no boots)
Will    .....        h - amulet of regeneration
Stlth   +            (no ring)
HPRegen 1.06/turn    (no ring)
MPRegen 0.09/turn

%: no passive effects
@: no status effects
A: horns 2, retaliatory headbutt
a: no special abilities


You were on level 3 of the Dungeon.
You visited 1 branch of the dungeon, and saw 3 of its levels.

You collected 72 gold pieces.


Innate Abilities, Weirdness & Mutations

You have a pair of horns on your head.
You reflexively headbutt those who attack you in melee.


   Skills:
 + Level 2.4 Fighting
 - Level 5.0 Ranged Weapons
 - Level 2.1 Dodging
 - Level 1.0 Spellcasting
 - Level 2.0 Hexes


You had 4 spell levels left.
You knew the following spells:

 Your Spells              Type           Power      Damage    Failure   Level
a - Slow                  Hex            16%        N/A       19%         1

Your spell library contained the following spells:

 Spells                   Type           Power      Damage    Failure   Level
 Inner Flame              Hex/Fire       2%         N/A       65%         3
 Portal Projectile        Hex/Tloc       4%         N/A       65%         3
 Cause Fear               Hex            2%         N/A       88%         4

Inventory:

Hand Weapons
 Y - a +1 sling (weapon)
Armour
 j - a +0 leather armour (worn)
Jewellery
 e - a ring of ice
 h - an amulet of regeneration (around neck)
Scrolls
 m - a scroll of identify
Potions
 a - a potion of might {unknown}
 d - a potion of ambrosia {unknown}
 f - a potion of heal wounds {unknown}
 i - a potion of attraction {unknown}
 k - a potion of magic {unknown}

Dungeon Overview and Level Annotations

Branches:
Dungeon (3/15)

Altars:


Message History

You become entangled in the net!
A gnoll comes into view. It is wielding a +0 halberd.
A gnoll comes into view. It is wielding a +0 flail.
You struggle against the net.
The gnoll shouts! x2
A gnoll comes into view. It is wielding a +0 whip.
You tear a large gash into the net.
The gnoll shouts!
You hear a shout!
You rip the net and break free!
A kobold comes into view.
It is wielding a +0 dagger and quivering poisoned darts.
You shoot a sling bullet. The sling bullet hits the gnoll.
You kill the gnoll!
You shoot a sling bullet.
The sling bullet hits the gnoll but does no damage.
You hear an angry hiss.
The gnoll closely misses you.
You shoot a sling bullet.
The sling bullet hits the gnoll but does no damage.
An adder comes into view.
The gnoll closely misses you.
You shoot a sling bullet. The adder hisses angrily.
The sling bullet hits the gnoll!
The gnoll is heavily wounded.
The gnoll hits you from afar with a +0 halberd.
The gnoll hits you with a +0 flail.
You shoot a sling bullet.
The sling bullet closely misses the gnoll.
The gnoll closely misses you. The gnoll hits you with a +0 flail!
The adder barely misses you.
You shoot a sling bullet. The sling bullet hits the gnoll.
The gnoll is almost dead.
The adder barely misses you.
The gnoll hits you from afar with a +0 halberd!
The gnoll hits you with a +0 flail.
You shoot a sling bullet. The sling bullet hits the gnoll.
The gnoll is almost dead.
The adder barely misses you. You furiously retaliate!
You headbutt the adder.
The gnoll hits you from afar with a +0 halberd!
You die...

#...........#
#...........#
#...........#
##....<......#
#............#
#............#
#.##'#......##
# ##g#K#.##.#
#.@Sg)......
##+#g.###. .
.....# . ....#
...# .... ....


You could see 3 gnolls, an adder and a kobold.

Vanquished Creatures
  3 adders (D:2)
  A gnoll (D:3)
  2 worms (D:2)
  A dart slug (D:1)
  6 ball pythons
  5 endoplasms
  2 giant cockroaches
  4 goblins
  5 hobgoblins (D:2)
  11 jackals
  5 kobolds
  3 quokkas
  3 bats (D:1)
  A frilled lizard (D:2)
  3 rats
55 creatures vanquished.

Notes
Turn   | Place    | Note
-------+----------+-------------------------------------------
     0 | D:1      | qw the Minotaur Hexslinger began the quest for the Orb.
     0 | D:1      | Reached XP level 1. HP: 16/16 MP: 1/1
     0 | D:1      | 0 ||| qw: Version: 0.3-a-24-ga2abf7b
     0 | D:1      | 0 ||| qw: Game counter: 7103
     0 | D:1      | 0 ||| qw: Melee chars always use a shield: true
     0 | D:1      | 0 ||| qw: God list: Okawaru
     0 | D:1      | 0 ||| qw: Allow faded altars: false
     0 | D:1      | 0 ||| qw: Do Orc after clearing Dungeon:15 true
     0 | D:1      | 0 ||| qw: Do second Lair branch before Depths: true
     0 | D:1      | 0 ||| qw: Lair rune preference: random
     0 | D:1      | 0 ||| qw: Goals: Normal
     0 | D:1      | 0 ||| PLANNING D:1-11
   103 | D:1      | Reached skill level 3 in Ranged Weapons
   109 | D:1      | Reached XP level 2. HP: 23/23 MP: 2/2
   546 | D:1      | 546 ||| UPGRADING to +0 leather armour.
   556 | D:1      | 556 ||| DROPPING +0 robe.
   557 | D:1      | 557 ||| UPGRADING to amulet of regeneration.
   562 | D:1      | 562 ||| READING scroll labelled MICLAVI RYASSU.
   563 | D:1      | 563 ||| DRINKING 3 fizzy blue potions.
   564 | D:1      | 564 ||| DROPPING scroll of poison.
   565 | D:1      | 565 ||| DROPPING 2 potions of degeneration.
   668 | D:2      | Reached XP level 3. HP: 29/29 MP: 3/3
   713 | D:2      | Reached skill level 4 in Ranged Weapons
   770 | D:2      | Reached XP level 4. HP: 36/36 MP: 4/4
   779 | D:2      | 779 ||| FLEEEEING.
   780 | D:2      | 780 ||| FLEEEEING.
   781 | D:2      | 781 ||| FLEEEEING.
   800 | D:2      | Identified the +0 chain mail of a bazaar {rElec rF- Will++}
   983 | D:2      | Reached skill level 5 in Ranged Weapons
  1163 | D:2      | 1163 ||| READING scroll labelled HEOTSUD KELOA.
  1164 | D:2      | 1164 ||| READING scroll labelled PEPESE NEMMUIGG.
  1169 | D:2      | 1169 ||| READING scroll labelled LIXTA SIAPP.
  1170 | D:2      | 1170 ||| READING scroll labelled QIEDOTHOUR.
  1224 | D:3      | Slain by a gnoll

Levels and vault maps discovered:
D:1:      moated_graveyard_arrival, layout_loops_ring, serial_forest,
          infiniplex_forest_clump_small, infiniplex_forest_side_room,
          infiniplex_forest_clump_cross, infiniplex_forest_clump_double,
          infiniplex_forest_lined_1, infiniplex_forest_clump_diagonal,
          infiniplex_forest_clump_small, infiniplex_forest_lined_3,
          minmay_tetromino_t2
D:2:      layout_rooms, wad_floor_pattern_1, chequers_serial_rivers_small_b
D:3:      layout_basic, dreamdust_ecumenical_altar_statues, uniq_grinder

Skill      XL: |  1  2  3  4 |
---------------+-------------+-----
Ranged Weapons | 3 4 5 |  5.0
Fighting       | 2 |  2.4
Dodging        | |  2.1
Spellcasting   | |  1.0
Hexes          | |  2.0

Action                     |  1- 3 |  4- 6 || total
---------------------------+-------+-------++-------
   Fire: Sling             |    94 |    60 ||   154
    Use: Scroll            |     1 |     4 ||     5
         Potion            |     1 |       ||     1
 Armour: Robe              |     8 |       ||     8
         Leather armour    |    15 |     7 ||    22
  Dodge: Dodged            |    41 |    19 ||    60

Table legend:
 A = Non-vault XP
 B = Vault XP
 C = Vault XP percentage of total XP
 D = Non-vault monster count
 E = Vault monster count
 F = Vault count percentage of total count
                 A         B        C        D         E       F
            +---------+---------+-------+---------+---------+-------
      Total |     152 |       3 |   1.9 |      53 |       2 |   3.6
            +---------+---------+-------+---------+---------+-------
        D:1 |      36 |       3 |   7.7 |      19 |       2 |   9.5
        D:2 |     102 |       0 |   0.0 |      33 |       0 |   0.0
        D:3 |      14 |       0 |   0.0 |       1 |       0 |   0.0
            +---------+---------+-------+---------+---------+-------
